 Dungeon Crawl Stone Soup version 0.21-a0-437-ge5bf024 (webtiles) character file.

119934 Laiders the Markscentaur (level 16, -5/134 HPs)
             Began as a Centaur Hunter on Nov 9, 2017.
             Was the Champion of Okawaru.
             Slain by a ghost moth (11 damage)
             ... on level 3 of the Spider Nest on Nov 10, 2017.
             The game lasted 02:06:38 (31445 turns).

Laiders the Markscentaur (Centaur Hunter)          Turns: 31445, Time: 02:06:39

Health: -5/134     AC: 26    Str: 28      XL:     16   Next: 28%
Magic:  0/20       EV: 11    Int: 12 (13) God:    Okawaru [******]
Gold:   789        SH:  0    Dex: 17 (18) Spells: 15/15 levels left

rFire    + + .     SeeInvis .   W - +4 longbow (velocity)
rCold    + . .     Gourm    .   (shield currently unavailable)
rNeg     . . .     Faith    +   H - +2 chain mail {rF+}
rPois    .         Spirit   .   T - +2 helmet {Int+3}
rElec    .         Reflect  .   n - scarf {rC+ rF+}
rCorr    .         Harm     .   j - +1 pair of gloves
MR       ++...     Clarity  +   c - +2 centaur barding {Fly}
Stlth    ..........             J - amulet "Firezytu" {Faith Str+7 Dex+5}
HPRegen  0.32/turn              b - ring of protection from magic
MPRegen  0.17/turn              h - +2 ring of strength

@: lethally poisoned (-5 -> -50), flying, very quick
A: hooves 3, blink, clarity, deformed body, speed 2, tough skin 3
a: Blink, Heroism, Finesse, Renounce Religion, Stop Flying


You were on level 3 of the Spider Nest.
You worshipped Okawaru.
Okawaru was exalted by your worship.
You were very hungry.

You visited 5 branches of the dungeon, and saw 26 of its levels.
You visited 1 bazaar.
You also visited: Ossuary.

You collected 1516 gold pieces.
You spent 727 gold pieces at shops.

Inventory:

Hand Weapons
 v - the +5 spear "Worm" {flame, rElec Str-5 Int+4 SInv}
   (You found it on level 6 of the Dungeon)

   It has been specially enchanted to burn those struck by it, causing extra
   injury to most foes and up to half again as much damage against particularly
   susceptible opponents.
   It affects your strength (-5).
   It affects your intelligence (+4).
   It insulates you from electricity.
   It lets you see invisible.
 W - a +4 longbow of velocity (weapon)
Missiles
 d - 486 arrows (quivered)
 O - 2 throwing nets
Armour
 c - a +2 centaur barding of flying (worn)
 j - a +1 pair of gloves (worn)
 n - a scarf of resistance (worn)
 H - a +2 chain mail of fire resistance (worn)
 T - a +2 helmet of intelligence (worn)
 V - a +1 cloak of magic resistance
 X - a +1 centaur barding of fire resistance
Jewellery
 b - a ring of protection from magic (left hand)
 h - a +2 ring of strength (right hand)
 J - the amulet "Firezytu" (around neck) {Faith Str+7 Dex+5}
   (You found it in an ossuary)

   [amulet of faith]

   It allows you to gain divine favour quickly.
   It affects your strength (+7).
   It affects your dexterity (+5).
Wands
 p - a wand of iceblast (4/15)
 w - a wand of disintegration (13/24)
 B - a wand of paralysis (23/24)
 G - a wand of digging (19/24)
 K - a wand of acid (14/15)
 S - a wand of confusion (18/48)
Scrolls
 e - 4 scrolls of fear
 g - 3 scrolls of identify
 m - 13 scrolls of remove curse
 q - a scroll of brand weapon
 t - a scroll of holy word
 u - 20 scrolls of teleportation
 E - 2 scrolls of fog
 N - 5 scrolls of recharging
 R - a scroll of enchant weapon
 Z - a scroll of magic mapping
Potions
 i - 9 potions of curing
 l - 2 potions of brilliance
 o - 4 potions of heal wounds
 r - a potion of ambrosia
 s - 3 potions of flight
 z - 5 potions of lignification
 A - a potion of might {unknown}
 C - a potion of invisibility
 I - 4 potions of mutation
 L - a potion of resistance
 M - 4 potions of haste
 P - a potion of cancellation {unknown}
 Q - 2 potions of agility
Miscellaneous
 a - a lamp of fire
 y - a fan of gales
 U - a box of beasts
Comestibles
 f - 15 bread rations
 k - 7 royal jellies
 x - 15 meat rations
 F - 12 fruits


   Skills:
 - Level 10.1 Fighting
 - Level 12.0 Polearms
 - Level 20.0 Bows
 - Level 10.0 Armour
 - Level 10.0 Dodging
 - Level 1.0 Stealth
 + Level 6.6 Invocations
 + Level 3.1 Evocations


You had 15 spell levels left.
You didn't know any spells.

Dungeon Overview and Level Annotations

Branches:
Dungeon (15/15)            Temple (1/1) D:6            Lair (6/6) D:8
 Shoals (0/4) Lair:3       Spider (3/4) Lair:3        Slime (0/5) Lair:6
    Orc (0/2) D:11         Vaults (0/5) D:13         Depths (1/5) D:15

Altars:
Ashenzari
Cheibriados
Dithmenos
Elyvilon
Fedhas
Gozag
Hepliaklqana
Kikubaaqudgha
Makhleb
Nemelex Xobeh
Okawaru
Qazlal
Ru
Sif Muna
Trog
Uskayaw
Vehumet
Wu Jian
Xom
Yredelemnul
Beogh

Shops:
D:15 *}


Innate Abilities, Weirdness & Mutations

You have hooves in place of feet.
Armour fits poorly on your strangely shaped body.
You cover ground very quickly.
You have extremely tough skin. (AC +3)
You can translocate small distances at will.
You possess an exceptional clarity of mind.


Message History

You feel your power leaking away. Something hits you.
* * * LOW HITPOINT WARNING * * *
You feel dopey.
Deactivating autopickup; reactivate with Ctrl-A.
Something hits you!
* * * LOW HITPOINT WARNING * * *
Something stings you but does no damage.
You clumsily bash something but do no damage.
You kick something.
* * * LOW HITPOINT WARNING * * *
You feel very sick.
You feel you are being watched by something.
Something hits you!
* * * LOW HITPOINT WARNING * * *
You feel clumsy. Something hits you but does no damage.
Something stings you but does no damage.
Something hits you but does no damage. Something hits you!
You die...

#######
#.....##
#.((<@(#
...^...(###
.........
..........
#.###..(###
. ##^## ##


There were no monsters in sight!

Vanquished Creatures
  Rupert (D:15)
  Frances (D:12)
  Agnes (D:15)
  Roxanne (D:15)
  A very ugly thing (D:14)
  Azrael (D:12)
  A dire elephant (Lair:6)
  A fire dragon (D:15)
  8 vault guards (D:13)
  An ogre mage (D:15)
  An ice dragon (D:15)
  The ghost of drevant the Spear-Bearer, a journeyman DsAK of Lugonu (D:14)
  8 hydras
  A catoblepas (Lair:6)
  6 centaur warriors
  9 two-headed ogres
  3 death yaks (Lair:6)
  A tengu warrior (D:14)
  Nergalle (D:11)
  A fire crab (shapeshifter) (D:13)
  2 unseen horrors
  9 skeletal warriors
  2 lindwurms (Lair:6)
  A harpy (shapeshifter) (D:14)
  A wolf spider zombie (D:15)
  7 orb spiders
  2 deep elf magi
  6 wolf spiders
  A manticore (shapeshifter) (D:14)
  2 cyclopes
  A cyclops (shapeshifter) (D:15)
  11 ugly things
  A manticore (D:11)
  13 elephants
  7 black mambas
  2 torpor snails
  13 spiny frogs
  6 rime drakes
  8 komodo dragons
  3 efreet
  A yaktaur (D:15)
  A kobold demonologist (D:14)
  3 tengu conjurers
  3 demonic crawlers
  3 meliai (D:15)
  5 trolls
  2 hornets (Spider:1)
  A polar bear (Lair:3)
  The ghost of Salmacis the Shield-Bearer, an amateur FoFi (D:3)
  17 jumping spiders
  9 dream sheep
  A snapping turtle (Lair:3)
  3 slime creatures
  23 blink frogs
  7 hippogriffs
  2 wraiths
  32 redbacks
  4 wyverns
  14 tarantellas
  2 fire elementals (D:12)
  A steam dragon (D:13)
  39 yaks
  2 hungry ghosts
  7 basilisks
  Edmund (D:5)
  4 vampire mosquitoes
  2 acid dragons (D:13)
  5 porcupines
  3 hell hounds (D:12)
  18 water moccasins
  9 orc warriors
  2 ice beasts
  3 sky beasts
  An eye of draining (D:14)
  6 ogres
  A phantom (D:7)
  3 black bears
  A necrophage (D:15)
  14 wolves
  8 centaurs
  13 crocodiles
  A big kobold (D:8)
  16 bullfrogs
  A gnoll sergeant (D:7)
  A wyvern zombie (D:9)
  A wyvern skeleton (D:14)
  12 scorpions
  10 wights
  13 killer bees
  4 electric eels
  2 howler monkeys
  5 crimson imps
  10 hounds
  A quasit (D:11)
  A bullfrog zombie (D:8)
  8 centaur skeletons
  4 jellies
  16 orc priests
  8 centaur zombies
  A bullfrog skeleton (D:8)
  A human zombie (Ossuary)
  Jessica (D:3)
  5 iguanas
  9 orc wizards
  12 worker ants
  A killer bee zombie (D:5)
  3 mummies (Ossuary)
  2 worker ant zombies
  Robin (D:4)
  5 scorpion zombies (Ossuary)
  12 gnolls (D:7)
  14 adders
  A howler monkey skeleton (D:9)
  A shadow imp (D:9)
  An ooze (D:5)
  An adder zombie (D:8)
  2 adder skeletons
  A worm (D:2)
  5 leopard geckos
  70 orcs
  5 ball pythons
  3 giant cockroaches
  2 gnoll zombies (Ossuary)
  31 goblins
  13 hobgoblins
  6 jackals
  8 quokkas
  6 bats
  7 frilled lizards
  3 goblin zombies (Ossuary)
  5 hobgoblin zombies (Ossuary)
  22 kobolds
  3 kobold zombies (Ossuary)
  A leopard gecko skeleton (D:4)
  An orc zombie (Ossuary)
  A quokka skeleton (D:6)
  2 rats
  2 fungi (Lair:6)
  A plant (Lair:6)
809 creatures vanquished.

Vanquished Creatures (others)
  A troll (D:13)
  2 centaur zombies (Ossuary)
  An orc (D:13)
  8 fungi
  4 plants
16 creatures vanquished.

Grand Total: 825 creatures vanquished

Notes
Turn   | Place    | Note
-------+----------+-------------------------------------------
     0 | D:1      | Laiders the Centaur Hunter began the quest for the Orb.
     0 | D:1      | Reached XP level 1. HP: 17/17 MP: 1/1
   130 | D:1      | Reached skill level 1 in Stealth
   130 | D:1      | Reached XP level 2. HP: 17/24 MP: 2/2
   643 | D:1      | Reached skill level 6 in Bows
  1060 | D:2      | Reached XP level 3. HP: 29/29 MP: 3/3
  1083 | D:2      | Found a shattered altar of Ashenzari.
  1356 | D:2      | Reached skill level 7 in Bows
  1469 | D:2      | Found a sacrificial altar of Ru.
  1477 | D:2      | Found a burning altar of Makhleb.
  1489 | D:2      | Found a deep blue altar of Sif Muna.
  1675 | D:3      | Noticed Jessica
  1691 | D:3      | Killed Jessica
  1691 | D:3      | Reached XP level 4. HP: 20/36 MP: 4/4
  1806 | D:3      | Noticed Salmacis's ghost (amateur FoFi)
  1847 | D:3      | Killed Salmacis's ghost
  1847 | D:3      | Reached skill level 9 in Bows
  1847 | D:3      | Reached XP level 5. HP: 15/41 MP: 5/5
  1847 | D:3      | Reached XP level 6. HP: 17/48 MP: 6/6
  2870 | D:4      | Reached skill level 10 in Bows
  3191 | D:4      | Noticed Robin
  3199 | D:4      | Killed Robin
  3848 | D:5      | Entered Level 5 of the Dungeon
  3848 | D:5      | Noticed Edmund
  3866 | D:5      | Killed Edmund
  3866 | D:5      | Reached skill level 11 in Bows
  3866 | D:5      | Reached XP level 7. HP: 41/55 MP: 7/7
  4106 | D:5      | Found a sand-covered staircase.
  4202 | Ossuary  | Entered an ossuary
  4227 | Ossuary  | Reached skill level 12 in Bows
  4576 | Ossuary  | Reached XP level 8. HP: 41/61 MP: 8/8
  4843 | Ossuary  | Reached skill level 13 in Bows
  4952 | Ossuary  | Got a transparent iron amulet
  5521 | D:5      | Reached skill level 14 in Bows
  5662 | D:5      | Identified the amulet "Firezytu" {Faith Str+7 Dex+5} (You found it in an ossuary)
  6061 | D:6      | Found a hazy altar of Hepliaklqana.
  6466 | D:6      | Found a staircase to the Ecumenical Temple.
  6517 | D:6      | Reached XP level 9. HP: 71/71 MP: 9/9
  6546 | Temple   | Entered the Ecumenical Temple
  6605 | Temple   | Became a worshipper of Warmaster Okawaru
  6914 | D:6      | Got a fine spear
  6973 | D:6      | Identified the +5 spear "Worm" {flame, rElec Str-5 Int+4 SInv} (You found it on level 6 of the Dungeon)
  7308 | D:7      | Found an ornate altar of the Wu Jian Council.
  7425 | D:7      | Reached skill level 5 in Fighting
  7686 | D:7      | Reached * piety under Okawaru
  8355 | D:8      | Found a sparkling altar of Nemelex Xobeh.
  8386 | D:8      | Noticed a troll
  8417 | D:8      | Killed a troll
  8417 | D:8      | Reached ** piety under Okawaru
  8492 | D:8      | Reached skill level 5 in Dodging
  8526 | D:8      | Found a staircase to the Lair.
  9074 | D:8      | Found a blossoming altar of Fedhas.
  9085 | D:8      | Reached XP level 10. HP: 72/86 MP: 10/10
  9314 | D:8      | Found a roughly hewn altar of Beogh.
  9631 | D:9      | Reached *** piety under Okawaru
 10127 | D:9      | Noticed a two-headed ogre
 10156 | D:9      | Killed a two-headed ogre
 10931 | D:10     | Entered Level 10 of the Dungeon
 10939 | D:10     | Noticed a two-headed ogre
 10956 | D:10     | Killed a two-headed ogre
 11043 | D:10     | Received a gift from Okawaru
 11097 | D:10     | Found a roughly hewn altar of Beogh.
 11423 | D:10     | Reached **** piety under Okawaru
 11474 | D:10     | Received a gift from Okawaru
 12038 | D:10     | Received a gift from Okawaru
 12046 | D:10     | Reached XP level 11. HP: 98/99 MP: 11/11
 12209 | D:11     | Noticed a purple ugly thing
 12237 | D:10     | Killed a purple ugly thing
 12314 | D:11     | Noticed Nergalle
 12335 | D:11     | Killed Nergalle
 12335 | D:11     | Reached skill level 10 in Fighting
 12498 | D:11     | Reached ***** piety under Okawaru
 12498 | D:11     | Received a gift from Okawaru
 12937 | D:11     | Found a burning altar of Makhleb.
 13010 | D:11     | Reached skill level 1 in Invocations
 13141 | D:11     | Noticed a deep elf mage
 13142 | D:11     | Noticed a centaur warrior
 13148 | D:11     | Killed a deep elf mage
 13155 | D:11     | Killed a centaur warrior
 13155 | D:11     | Received a gift from Okawaru
 13249 | D:11     | Noticed a two-headed ogre
 13257 | D:11     | Killed a two-headed ogre
 13333 | D:11     | Found a staircase to the Orcish Mines.
 13440 | D:11     | Noticed a skeletal warrior
 13455 | D:11     | Killed a skeletal warrior
 13455 | D:11     | Reached skill level 5 in Invocations
 13458 | D:11     | Noticed a skeletal warrior
 13487 | D:11     | Killed a skeletal warrior
 13505 | D:11     | Noticed a skeletal warrior
 13505 | D:11     | Noticed a skeletal warrior
 13536 | D:11     | HP: 1/99 [skeletal warrior/battleaxe[a skeletal warrior] (19)]
 13546 | D:11     | Killed a skeletal warrior
 13561 | D:11     | Killed a skeletal warrior
 13877 | D:11     | Noticed a skeletal warrior
 13904 | D:11     | Killed a skeletal warrior
 13904 | D:11     | Reached XP level 12. HP: 106/106 MP: 15/15
 14083 | D:11     | Received a gift from Okawaru
 14466 | D:11     | Reached skill level 10 in Dodging
 14647 | D:11     | Noticed a two-headed ogre
 14666 | D:11     | Killed a two-headed ogre
 14666 | D:11     | Reached skill level 1 in Polearms
 14666 | D:11     | Reached skill level 1 in Armour
 14923 | D:12     | Noticed Azrael
 14956 | D:12     | Killed Azrael
 15260 | D:12     | Found a labyrinth entrance.
 15573 | D:12     | Noticed Frances
 15575 | D:12     | Gained mutation: You are dopey. (Int -2) [a neqoxec]
 15606 | D:12     | Killed Frances
 15606 | D:12     | Received a gift from Okawaru
 15606 | D:12     | Received a gift from Okawaru
 16005 | D:12     | Received a gift from Okawaru
 16063 | D:12     | Lost mutation: You are dopey. (Int -2) [potion of mutation]
 16063 | D:12     | Gained mutation: You are weak. (Str -2) [potion of mutation]
 16063 | D:12     | Gained mutation: You have supernaturally acute eyesight. (SInv) [potion of mutation]
 16163 | D:12     | Lost mutation: You are weak. (Str -2) [potion of mutation]
 16163 | D:12     | Lost mutation: You have supernaturally acute eyesight. (SInv) [potion of mutation]
 16163 | D:12     | Gained mutation: You possess an exceptional clarity of mind. [potion of mutation]
 16163 | D:12     | Gained mutation: You can translocate small distances at will. [potion of mutation]
 16169 | D:13     | Noticed a centaur warrior
 16176 | D:12     | Reached skill level 5 in Polearms
 16368 | D:13     | Killed a centaur warrior
 16574 | D:13     | Found a gate to the Vaults.
 16574 | D:13     | Noticed a vault guard
 16574 | D:13     | Noticed a vault guard
 16574 | D:13     | Noticed a vault guard
 16575 | D:13     | Noticed a vault guard
 16577 | D:13     | Noticed a vault guard
 16577 | D:13     | Noticed a vault guard
 16577 | D:13     | Noticed a vault guard
 16581 | D:13     | Noticed a vault guard
 16609 | D:13     | Killed a vault guard
 16609 | D:13     | Reached skill level 5 in Armour
 16616 | D:13     | Killed a vault guard
 16624 | D:13     | Killed a vault guard
 16634 | D:13     | Killed a vault guard
 16634 | D:13     | Reached XP level 13. HP: 83/113 MP: 10/16
 17158 | D:13     | Reached ****** piety under Okawaru
 17551 | D:13     | Received a gift from Okawaru
 18032 | D:13     | Received a gift from Okawaru
 18178 | D:14     | Got an encrusted spear
 18207 | D:14     | Identified the +2 spear of Uncertain Death {venom, Int+3} (You found it on level 14 of the Dungeon)
 18215 | D:14     | Noticed a green very ugly thing
 18249 | D:14     | Killed a green very ugly thing
 18563 | D:14     | Got a glittering granite ring
 18567 | D:14     | Identified the ring of Kupt {Wiz *Corrode rC+ MR+} (You found it on level 14 of the Dungeon)
 18607 | D:14     | Noticed drevant's ghost (journeyman DsAK)
 18633 | D:14     | Killed drevant's ghost
 19085 | D:14     | Received a gift from Okawaru
 19137 | D:14     | Reached XP level 14. HP: 115/121 MP: 17/17
 19423 | D:15     | Entered Level 15 of the Dungeon
 19438 | D:15     | Noticed Rupert
 19470 | D:15     | Killed Rupert
 19470 | D:15     | Reached skill level 15 in Bows
 19627 | D:15     | Noticed Agnes
 19680 | D:15     | Found Letem's Gadget Shop.
 19693 | D:15     | Found a flickering gateway to a bazaar.
 19706 | Bazaar   | Entered a bazaar
 19708 | Bazaar   | Found Mekkesak's Armour Shop.
 20053 | Bazaar   | Found Punecubu's Gadget Shoppe.
 20055 | Bazaar   | Found Umacing's General Store.
 20078 | Bazaar   | Found Dosol's Book Emporium.
 20136 | Bazaar   | Found Ozafeuskan's Armour Emporium.
 20210 | Bazaar   | Bought a wand of digging (6/24) for 240 gold pieces
 20264 | Bazaar   | Bought a bread ration for 55 gold pieces
 20273 | Bazaar   | Bought a wand of acid (14/15) for 432 gold pieces
 20301 | D:15     | Killed Agnes
 20391 | D:15     | Received a gift from Okawaru
 20624 | D:15     | Got a distressingly furry scarf
 20724 | D:15     | Reached skill level 10 in Polearms
 20746 | D:15     | Received a gift from Okawaru
 20798 | D:15     | HP: 6/121 [battlesphere[a tengu conjurer] (3)]
 21226 | D:14     | Identified the scarf of the Orcish Mines {MR+} (You found it on level 15 of the Dungeon)
 21567 | D:15     | Found Muino's Assorted Antiques.
 21575 | D:15     | Noticed Roxanne
 21603 | D:15     | Killed Roxanne
 21606 | D:15     | Identified Roxanne's Volume of the Rocks (You took it off Roxanne on level 15 of the Dungeon)
 21801 | D:15     | Reached skill level 16 in Bows
 22177 | D:15     | Found a staircase to the Depths.
 22208 | Depths:1 | Entered Level 1 of the Depths
 22425 | Lair:1   | Entered Level 1 of the Lair of Beasts
 23417 | Lair:2   | Received a gift from Okawaru
 24325 | Lair:3   | Reached XP level 15. HP: 126/126 MP: 18/18
 24746 | Lair:3   | Found a hole to the Spider Nest.
 25061 | Lair:3   | Found a staircase to the Shoals.
 25600 | Lair:4   | Reached skill level 17 in Bows
 26746 | Lair:6   | Entered Level 6 of the Lair of Beasts
 26787 | Lair:6   | Received a gift from Okawaru
 26879 | Lair:6   | Found a staircase to the Slime Pits.
 26886 | Lair:6   | Reached skill level 10 in Armour
 27050 | Lair:6   | Received a gift from Okawaru
 27181 | Lair:6   | Reached skill level 18 in Bows
 28173 | Lair:6   | Received a gift from Okawaru
 28220 | Lair:6   | Reached skill level 19 in Bows
 28896 | Spider:1 | Entered Level 1 of the Spider Nest
 28904 | Spider:1 | Received a gift from Okawaru
 29332 | Spider:1 | Reached XP level 16. HP: 134/134 MP: 19/19
 30269 | Spider:2 | Reached skill level 20 in Bows
 30340 | Spider:2 | Reached skill level 1 in Evocations
 31445 | Spider:3 | HP: 6/134 [something (11)]
 31445 | Spider:3 | Slain by a ghost moth

Vault maps used:
D:1:      scummos_arrival_simple_fountains, solitary_fountain,
          minmay_shallow_snake_nest
D:2:      evilmike_ruin_ashenzari, minmay_overflow_temple_star_quad
D:3:      nrook_mini_vaults, kennysheep_generic_room_10, uniq_jessica
D:4:      first_bread, uniq_robin
D:5:      enter_ossuary_2, uniq_edmund
D:6:      kennysheep_little_box, minmay_temple_entry_crystal_x
D:7:      corexii_shantytown, basic_altar, grunt_ogre_cave
D:8:      nemelex_xobeh_ov_fountains_minmay, nicolae_overflow_crystal_walls,
          erik_lair_island, david_defended_altar_orc
D:10:     special_room
D:11:     minmay_tri_box, orc_0_dummy, basic_altar, uniq_nergalle
D:12:     lab_entry_generic, uniq_frances, uniq_azrael
D:13:     erik_vaults_2, lemuel_flamethrower_2
D:14:     wad_pebble_path
D:15:     grunt_enter_depths_hoard, hangedman_abyss_or_decor_stagger,
          serial_shops, bzr_entry_islet, shop, nicolae_shop_crystal,
          uniq_roxanne, uniq_agnes, uniq_rupert
Temple:   regret_index_temple_waves
Lair:1:   minivault_24, beast_lair_carwin_2, grunt_megastairs_4
Lair:2:   nicolae_quartered_pool_little, grunt_megastairs_2
Lair:3:   minmay_shoals_entry_hut, nicolae_spider_entry_tight_spaces
Lair:4:   st_stairs_13, infiniplex_staircase_pool
Lair:6:   hangedman_lair_in_review, minmay_slime_entry_pillars,
          grunt_forest_stairs_basic
Spider:1: guppyfry_hornet_nest
Spider:3: nicolae_spider_webs_and_nodes
Depths:1: minmay_roctagon, hellmouth_1, roderic_lattice_a, st_stairs_7,
          minmay_misc_feat_diagonals, kennysheep_kite_vault
Bazaar:   bazaar_kb_twisted_cavern
Ossuary:  ossuary_minmay_scorpions

Skill      XL: |  1  2  3  4  5  6  7  8  9 10 11 12 13 14 15 16 |
---------------+-------------------------------------------------+-----
Stealth        | 1 |  1.0
Bows           | 6 7 9 11 12 14 16 19 20 | 20.0
Dodging        | 2 5 7 9 10 | 10.0
Fighting       | 4 7 9 10 | 10.1
Invocations    | 5 6 |  6.6
Polearms       | 6 9 11 12 | 12.0
Armour         | 5 7 9 10 | 10.0
Evocations     | 3 |  3.1

Action                   |  1- 3 |  4- 6 |  7- 9 | 10-12 | 13-15 | 16-18 || total
-------------------------+-------+-------+-------+-------+-------+-------++-------
Melee: Short sword       |    24 |    32 |       |       |       |       ||    56
       Kick              |     4 |     9 |    34 |    37 |    33 |     1 ||   118
       Long sword        |       |    19 |       |       |       |       ||    19
       Spear             |       |       |    60 |   121 |    62 |       ||   243
       Trident           |       |       |    28 |       |       |       ||    28
       Shortbow          |       |       |     1 |       |       |       ||     1
       Whip              |       |       |    11 |       |       |       ||    11
       Punch             |       |       |       |     1 |     2 |       ||     3
       Longbow           |       |       |       |       |       |     1 ||     1
 Fire: Shortbow          |    97 |   138 |   567 |   756 |   210 |       ||  1768
       Longbow           |       |       |       |       |  1121 |   214 ||  1335
Invok: Heroism           |       |       |     1 |    10 |    10 |       ||    21
       Finesse           |       |       |       |     5 |    11 |       ||    16
  Use: Scroll            |     3 |     1 |     5 |    13 |    16 |       ||    38
       Potion            |       |     1 |     1 |     5 |     6 |       ||    13
  Eat: Chunk             |     1 |     5 |     9 |    17 |    21 |       ||    53
       Meat ration       |       |       |     1 |       |       |       ||     1
       Royal jelly       |       |       |       |     1 |       |     1 ||     2
       Fruit             |       |       |       |       |     2 |       ||     2
       Bread ration      |       |       |       |       |     2 |       ||     2
Armor: Leather armour    |     5 |       |       |       |       |       ||     5
       Ring mail         |     9 |    82 |    36 |       |       |       ||   127
       Chain mail        |       |       |    57 |   147 |   419 |    62 ||   685
Dodge: Dodged            |    19 |    56 |   106 |   125 |   269 |    42 ||   617
       Rpst.: Long sword |       |     2 |       |       |       |       ||     2

Table legend:
 A = Spawn XP
 B = Non-spawn XP
 C = Spawn XP percentage of total XP
 D = Spawn monster count
 E = Non-spawn monster count
 F = Spawn count percentage of total count
 G = Total turns spent on level
                    A         B        C        D         E        F      G
               +---------+---------+-------+---------+---------+-------+---------
         Total |       0 |  171335 |   0.0 |       0 |     805 |   0.0 | 31445
               +---------+---------+-------+---------+---------+-------+---------
           D:1 |       0 |      34 |   0.0 |       0 |      21 |   0.0 |   966
           D:2 |       0 |      50 |   0.0 |       0 |      14 |   0.0 |   651
           D:3 |       0 |     389 |   0.0 |       0 |      20 |   0.0 |  1226
           D:4 |       0 |     224 |   0.0 |       0 |      22 |   0.0 |  1070
           D:5 |       0 |     788 |   0.0 |       0 |      21 |   0.0 |  1140
           D:6 |       0 |     756 |   0.0 |       0 |      21 |   0.0 |   835
           D:7 |       0 |     933 |   0.0 |       0 |      63 |   0.0 |  1157
           D:8 |       0 |    1795 |   0.0 |       0 |      43 |   0.0 |  1288
           D:9 |       0 |    1759 |   0.0 |       0 |      17 |   0.0 |  1433
          D:10 |       0 |    4015 |   0.0 |       0 |      51 |   0.0 |  1345
          D:11 |       0 |   12744 |   0.0 |       0 |      50 |   0.0 |  2481
          D:12 |       0 |    7564 |   0.0 |       0 |      26 |   0.0 |  1646
          D:13 |       0 |   19167 |   0.0 |       0 |      51 |   0.0 |  1758
          D:14 |       0 |   13857 |   0.0 |       0 |      32 |   0.0 |  1793
          D:15 |       0 |   23516 |   0.0 |       0 |      44 |   0.0 |  1808
        Lair:1 |       0 |    6305 |   0.0 |       0 |      25 |   0.0 |   973
        Lair:2 |       0 |    6445 |   0.0 |       0 |      19 |   0.0 |   848
        Lair:3 |       0 |    8622 |   0.0 |       0 |      31 |   0.0 |  1139
        Lair:4 |       0 |    3793 |   0.0 |       0 |      16 |   0.0 |   575
        Lair:5 |       0 |    7482 |   0.0 |       0 |      31 |   0.0 |   857
        Lair:6 |       0 |   27189 |   0.0 |       0 |      77 |   0.0 |  2079
      Spider:1 |       0 |   10427 |   0.0 |       0 |      32 |   0.0 |  1307
      Spider:2 |       0 |   11963 |   0.0 |       0 |      42 |   0.0 |  1222
      Spider:3 |       0 |     677 |   0.0 |       0 |       3 |   0.0 |    20
       Ossuary |       0 |     841 |   0.0 |       0 |      33 |   0.0 |  1120
               +---------+---------+-------+---------+---------+-------+---------
